 Dungeon Crawl Stone Soup version 0.26.0-16-gc1dbca0489 (webtiles) character file.

Game seed: 628212158003249324

162 iamoutofideas the Firebug (level 5, 0/35 HPs)
             Began as a Demonspawn Fire Elementalist on Jan 20, 2021.
             Slain by an orc priest
             ... wielding a +0 falchion
              (6 damage)
             ... on level 3 of the Dungeon.
             The game lasted 00:06:14 (3600 turns).

iamoutofideas the Firebug (DsFE)                    Turns: 3600, Time: 00:06:15

Health: 0/35       AC:  4    Str:  6 (8)  XL:     5   Next: 19%
Magic:  10/10      EV: 12    Int: 15 (18) God:
Gold:   107        SH:  0    Dex: 11 (13) Spells: 2/10 levels left

rFire    . . .     SeeInvis .   h - +1 short sword
rCold    . . .     Faith    .   (no shield)
rNeg     . . .     Spirit   .   a - +0 robe
rPois    .         Reflect  .   (no helmet)
rElec    .         Harm     .   (no cloak)
rCorr    .         Rampage  .   (no gloves)
Will     .....                  (no boots)
Stlth    ++........             (no amulet)
HPRegen  0.11/turn              (no ring)
MPRegen  0.12/turn              (no ring)

@: no status effects
A: iridescent scales 1, powered by death 2, miasma immunity
a: no special abilities


You were on level 3 of the Dungeon.
You visited 1 branch of the dungeon, and saw 3 of its levels.

You collected 107 gold pieces.

Inventory:

Hand Weapons
 h - a +1 short sword (weapon)
Armour
 a - a +0 robe (worn)
Magical Staves
 c - an uncursed staff of cold
Jewellery
 j - a +4 ring of evasion {unknown}
Scrolls
 l - a scroll of teleportation {unknown}
Potions
 b - a potion of degeneration
 d - a potion of flight {unknown}
 e - a potion of invisibility {unknown}
 f - a potion of curing {unknown}
 g - a potion of cancellation {unknown}
 i - a potion of magic
 k - a potion of might {unknown}


   Skills:
 - Level 0.7 Short Blades
 - Level 2.3 Dodging
 - Level 1.8 Stealth
 + Level 3.3 Spellcasting
 + Level 2.2 Conjurations
 + Level 3.7 Fire Magic


You had 2 spell levels left.
You knew the following spells:

 Your Spells              Type           Power        Failure   Level
a - Foxfire               Conj/Fire      44%          6%          1
b - Conjure Flame         Conj/Fire      11%          17%         3
c - Sticky Flame          Conj/Fire      11%          50%         4

Your spell library contained the following spells:

 Spells                   Type           Power        Failure   Level
 Inner Flame              Hex/Fire       8%           26%         3
 Confusing Touch          Hex            2%           50%         3
 Gell's Gravitas          Tloc           1%           50%         3
 Fireball                 Conj/Fire      5%           85%         5
 Petrify                  Tmut/Erth      2%           88%         4
 Metabolic Englaciation   Hex/Ice        1%           99%         5
 Yara's Violent Unravell  Hex/Tmut       1%           99%         5


Dungeon Overview and Level Annotations

Branches:
Dungeon (3/15)

Altars:

Annotations:
D:2 1 runed translucent door, Crazy Yiuf


Innate Abilities, Weirdness & Mutations

You are partially covered in iridescent scales. (AC +2)
You regenerate health from kills.
You are immune to miasma.


Message History

The puff of frost hits you.
You hit the orc wizard.
The orc wizard is almost dead.
The orc wizard hits you with a +0 dagger.
The orc priest mumbles some strange prayers to Beogh against you.
Beogh smites you!
* * * LOW HITPOINT WARNING * * *
The orc wizard closely misses you. x2
It was a potion of degeneration.
There was something very wrong with that liquid.
You feel weakened.
You feel dopey.
You feel clumsy. The orc priest closely misses you.
The orc wizard hits you with a +0 dagger.
* * * LOW HITPOINT WARNING * * *
The orc wizard hits you with a +0 dagger.
* * * LOW HITPOINT WARNING * * *
It was a potion of magic.
Magic courses through your body.
The orc wizard hits you but does no damage.
The orc priest hits you with a +0 falchion.
You die...

..#... .?... #
#...?. .# #.... .
#.#.. .# ###
#.#.##.##### ...
#.#o#).....#
####.##..@oB.#
......#.#o#.###.
g..........v.....
.....#.###.###..
###= #.# .# ..
#.# .. # #.# ###
...... #.# .....
####.######


You could see an orc priest, 2 orc wizards and a giant cockroach.

Vanquished Creatures
  An orc priest (D:2)
  Robin (D:3)
  2 adders (D:2)
  An ooze (D:2)
  3 worms
  2 dart slugs (D:1)
  A leopard gecko (D:2)
  5 orcs (D:3)
  5 giant cockroaches (D:1)
  23 goblins
  6 hobgoblins
  6 jackals
  4 kobolds
  2 quokkas (D:2)
  7 bats
  A frilled lizard (D:1)
  3 rats
73 creatures vanquished.

Vanquished Creatures (collateral kills)
  A foxfire (D:2)
1 creature vanquished.

Vanquished Creatures (others)
  175 foxfires
175 creatures vanquished.

Grand Total: 249 creatures vanquished

Notes
Turn   | Place    | Note
-------+----------+-------------------------------------------
     0 | D:1      | iamoutofideas the Demonspawn Fire Elementalist began the
                  | quest for the Orb.
     0 | D:1      | Reached XP level 1. HP: 13/13 MP: 3/3
   240 | D:1      | Gained mutation: You are partially covered in iridescent
                  | scales. (AC +2) [demonic ancestry]
   240 | D:1      | Reached XP level 2. HP: 19/19 MP: 0/5
  1069 | D:1      | Gained mutation: You are immune to miasma. [demonic
                  | ancestry]
  1069 | D:1      | Reached XP level 3. HP: 18/24 MP: 1/6
  1705 | D:1      | Learned a level 3 spell: Conjure Flame
  2208 | D:2      | Found a runed translucent door.
  2209 | D:2      | Noticed Crazy Yiuf
  2519 | D:2      | Gained mutation: You regenerate a little health from kills.
                  | [demonic ancestry]
  2519 | D:2      | Reached XP level 4. HP: 30/30 MP: 6/8
  3016 | D:3      | Learned a level 4 spell: Sticky Flame
  3285 | D:3      | Gained mutation: You regenerate health from kills. [demonic
                  | ancestry]
  3285 | D:3      | Reached XP level 5. HP: 35/35 MP: 0/9
  3294 | D:3      | Noticed Robin
  3498 | D:3      | Killed Robin
  3600 | D:3      | Slain by an orc priest

Illustrated notes

Levels and vault maps discovered:
D:1:      dpeg_arrival_long_road, layout_rooms, serial_co_window_serial,
          co_window_paths_b, co_window_of_opportunity_a, co_window_corner_a,
          co_window_paths_b, co_window_paths_b, co_window_paths_a,
          co_window_2corner, co_window_of_opportunity_b, co_window_2corner,
          co_window_of_opportunity_b, co_window_corner_b, glass_columns_a,
          glass_columns_a, glass_columns_a, glass_columns_a,
          minmay_worlds_worst_comb
D:2:      layout_loops_ring, uniq_crazy_yiuf_cottage
D:3:      layout_loops_cross, uniq_natasha, uniq_robin

Skill      XL: |  1  2  3  4 |
---------------+-------------+-----
Dodging        | 2 |  2.3
Fire Magic     | 3 |  3.7
Spellcasting   | 3 |  3.3
Conjurations   | 2 |  2.2
Short Blades   | |  0.7
Stealth        | |  1.8

Action                   |  1- 3 |  4- 6 || total
-------------------------+-------+-------++-------
Melee: Unarmed           |    23 |       ||    23
       Short sword       |    60 |    35 ||    95
 Cast: Foxfire           |    71 |    55 ||   126
  Use: Scroll            |     3 |       ||     3
       Potion            |       |     2 ||     2
 Stab: Sleeping          |     2 |       ||     2
Armor: Robe              |    53 |     8 ||    61
Dodge: Dodged            |    97 |    34 ||   131
